PIO (24 & UNDER)
SALEM SLEDGEHAMMERS @ JASPER COUGARS
04/16/2026
 
TOP OF THE 1ST
Salem Sledgehammers batting - Pitching for Jasper Cougars : RHP José Orozco
Pitching: RHP José Orozco
Batting: RHB José García 0-0: Ball
1-0: Foul Ball, location: 2F
1-1: Called Strike
1-2: Ball
2-2: Foul Ball, location: 2F
2-2: Strikes out swinging
Batting: LHB José Rivera 0-0: Ball
1-0: Ball
2-0: Foul Ball, location: 2F
2-1: Ball
3-1: Base on Balls
Batting: LHB Nathan Frey 0-0: Called Strike
0-1: Ball
1-1: Called Strike
1-2: Strikes out swinging
Batting: SHB Júlio Salazar 0-0: Called Strike
0-1: Foul Ball, location: 2F
0-2: Fly out, F9 (Flyball, 89D)
Top of the 1st over - 0 run(s), 0 hit(s), 0 error(s), 1 left on base; Salem 0 - Jasper 0
BOTTOM OF THE 1ST
Jasper Cougars batting - Pitching for Salem Sledgehammers : RHP Isaac Pope
Pitching: RHP Isaac Pope
Batting: LHB António Camacho 0-0: Foul Ball, location: 2F
0-1: Ball
1-1: Ball
2-1: Ball
3-1: Base on Balls
Batting: RHB Bob Cole 0-0: Ball
1-0: Ball
2-0: Foul Ball, location: 2F
2-1: SINGLE (Flyball, 8RS)
António Camacho to second
Batting: SHB Ron Edwards 0-0: Called Strike
0-1: Ball
1-1: Fly out, F7 (Flyball, 7S)
Batting: RHB David Hernández 0-0: Ball
António Camacho steals 3rd base
Bob Cole to second
1-0: Called Strike
1-1: Ground out 6-3 (Groundball, 6)
António Camacho scores
Batting: SHB Rafael Acosta 0-0: Called Strike
0-1: Ball
1-1: Ball
2-1: Ball
3-1: Base on Balls
Batting: RHB Leon Heath 0-0: Called Strike
0-1: Fly out, F7 (Flyball, 78M)
Bottom of the 1st over - 1 run(s), 1 hit(s), 0 error(s), 2 left on base; Salem 0 - Jasper 1
TOP OF THE 2ND
Salem Sledgehammers batting - Pitching for Jasper Cougars : RHP José Orozco
Batting: RHB Bobby Miller 0-0: Ball
1-0: Ball
2-0: Ball
3-0: Base on Balls
Batting: RHB Glenn Broadwater 0-0: Ball
1-0: Swinging Strike
1-1: Foul Ball, location: 2F
1-2: Ball
2-2: Ball
3-2: Base on Balls
Bobby Miller to second
Batting: RHB Gilberto Silva 0-0: Foul Ball, location: 2F
0-1: Ball
1-1: SINGLE (Groundball, 6MD)
Bobby Miller to third
Glenn Broadwater to second
Runner from 3rd tries for Home, SAFE, throw made home
Glenn Broadwater to third
Gilberto Silva to second
Batting: LHB Caleb Hall 0-0: Called Strike
0-1: Foul Ball, location: 2F
0-2: Ball
1-2: Ball
2-2: Ball
3-2: SINGLE (Line Drive, 78S)
Glenn Broadwater scores
Gilberto Silva to third
Batting: RHB Lakota O'Reilly 0-0: Foul Ball, location: 2F
0-1: Foul Ball, location: 2F
0-2: Ball
1-2: Ball
2-2: Foul Ball, location: 2F
2-2: Strikes out swinging
Batting: RHB José García 0-0: Called Strike
0-1: Called Strike
0-2: Ball
1-2: Ball
2-2: Foul Ball, location: 2F
2-2: Ball
3-2: Strikes out looking
Batting: LHB José Rivera 0-0: Ball
1-0: Called Strike
1-1: Fly out, F8 (Flyball, 8RM)
Top of the 2nd over - 2 run(s), 2 hit(s), 0 error(s), 2 left on base; Salem 2 - Jasper 1
BOTTOM OF THE 2ND
Jasper Cougars batting - Pitching for Salem Sledgehammers : RHP Isaac Pope
Batting: LHB David Adams 0-0: Ball
1-0: Ball
2-0: Foul Ball, location: 2F
2-1: Fly out, F9 (Flyball, 9M)
Batting: SHB Carlos Córdova 0-0: Ball
1-0: Foul Ball, location: 2F
1-1: Ball
2-1: Ball
3-1: Base on Balls
Batting: RHB Joe Baker 0-0: Ball
1-0: Called Strike
Carlos Córdova steals 2nd base
1-1: Fly out, F9 (Flyball, 89M)
Batting: LHB António Camacho 0-0: Ball
1-0: Called Strike
1-1: Called Strike
1-2: Ball
2-2: Strikes out looking
Bottom of the 2nd over - 0 run(s), 0 hit(s), 0 error(s), 1 left on base; Salem 2 - Jasper 1
TOP OF THE 3RD
Salem Sledgehammers batting - Pitching for Jasper Cougars : RHP José Orozco
Batting: LHB Nathan Frey 0-0: SINGLE (Line Drive, 4M)
Batting: SHB Júlio Salazar 0-0: Foul Ball, location: 2F
0-1: SINGLE (Line Drive, 89S)
Nathan Frey to second
Batting: RHB Bobby Miller 0-0: Ball
1-0: Called Strike
1-1: Ball
2-1: Ball
3-1: Base on Balls
Nathan Frey to third
Júlio Salazar to second
Batting: RHB Glenn Broadwater 0-0: Called Strike
0-1: Foul Ball, location: 2F
0-2: SINGLE (Groundball, 15S) (infield hit)
Nathan Frey scores
Júlio Salazar to third
Bobby Miller to second
Batting: RHB Gilberto Silva 0-0: Foul Ball, location: 2F
0-1: Swinging Strike
0-2: Ball
1-2: Foul Ball, location: 2F
1-2: Foul Ball, location: 2F
1-2: Ball
2-2: Strikes out swinging
Batting: LHB Caleb Hall 0-0: Ball
1-0: Foul Ball, location: 2F
1-1: Foul Ball, location: 2F
1-2: Grounds into double play, 4-6-3 (Groundball, 4)
Top of the 3rd over - 1 run(s), 3 hit(s), 0 error(s), 2 left on base; Salem 3 - Jasper 1
BOTTOM OF THE 3RD
Jasper Cougars batting - Pitching for Salem Sledgehammers : RHP Isaac Pope
Batting: RHB Bob Cole 0-0: Called Strike
0-1: Ball
1-1: Swinging Strike
1-2: Ball
2-2: Strikes out swinging
Batting: SHB Ron Edwards 0-0: Swinging Strike
0-1: Ball
1-1: Ball
2-1: Ball
3-1: Foul Ball, location: 2F
3-2: Base on Balls
Batting: RHB David Hernández 0-0: Ball
1-0: DOUBLE (Flyball, 89D)
Ron Edwards to third
Batting: SHB Rafael Acosta 0-0: SINGLE (Groundball, 56)
Ron Edwards scores
David Hernández to third
Runner from 3rd tries for Home, SAFE, throw made home
Batting: RHB Leon Heath 0-0: Ball
1-0: Called Strike
Rafael Acosta steals 2nd base
1-1: Swinging Strike
1-2: Ball
2-2: Ball
3-2: Strikes out looking
Batting: LHB David Adams 0-0: Ball
1-0: Called Strike
1-1: Ball
2-1: Swinging Strike
2-2: Ball
3-2: Fly out, F7 (Flyball, 7LM)
Bottom of the 3rd over - 2 run(s), 2 hit(s), 0 error(s), 1 left on base; Salem 3 - Jasper 3
TOP OF THE 4TH
Salem Sledgehammers batting - Pitching for Jasper Cougars : RHP José Orozco
Batting: RHB Lakota O'Reilly 0-0: Ball
1-0: Called Strike
1-1: Bunt missed!
1-2: Ground out 6-3 (Groundball, 6)
Batting: RHB José García 0-0: Ball
1-0: Ground out 6-3 (Groundball, 6M)
Batting: LHB José Rivera 0-0: Swinging Strike
0-1: Ball
1-1: Called Strike
1-2: Ground out 4-3 (Groundball, 4)
Top of the 4th over - 0 run(s), 0 hit(s), 0 error(s), 0 left on base; Salem 3 - Jasper 3
BOTTOM OF THE 4TH
Jasper Cougars batting - Pitching for Salem Sledgehammers : RHP Isaac Pope
Batting: SHB Carlos Córdova 0-0: Ball
1-0: Swinging Strike
1-1: Ball
2-1: Swinging Strike
2-2: Strikes out swinging
Batting: RHB Joe Baker 0-0: Called Strike
0-1: Ball
1-1: Foul Ball, location: 2F
1-2: Foul Ball, location: 2F
1-2: Ball
2-2: Ball
3-2: Foul Ball, location: 2F
3-2: SINGLE (Line Drive, 9S)
Batting: LHB António Camacho 0-0: Ball
1-0: Ball
2-0: Ball
3-0: Base on Balls
Joe Baker to second
Batting: RHB Bob Cole 0-0: Called Strike
0-1: Ball
1-1: Ball
2-1: Ball
3-1: Fly out, F8 (Flyball, 7D)
Runner from 2nd tags up, SAFE at 3rd, no throw
Pitching: LHP Ken Johnston
Batting: SHB Ron Edwards 0-0: Foul Ball, location: 2F
0-1: Ground out 1-3 (Groundball, 13S)
Bottom of the 4th over - 0 run(s), 1 hit(s), 0 error(s), 2 left on base; Salem 3 - Jasper 3
TOP OF THE 5TH
Salem Sledgehammers batting - Pitching for Jasper Cougars : RHP José Orozco
Pitching: RHP A.J. Wellman
Batting: LHB Nathan Frey 0-0: Ball
1-0: Foul Ball, location: 2F
1-1: Ground out 1-3 (Groundball, 25)
Batting: SHB Júlio Salazar 0-0: SOLO HOME RUN (Flyball, 9D), Distance : 357 ft
Batting: RHB Bobby Miller 0-0: Called Strike
0-1: Swinging Strike
0-2: Ball
1-2: Strikes out swinging
Batting: RHB Glenn Broadwater 0-0: DOUBLE (Flyball, 8LXD)
Batting: RHB Gilberto Silva 0-0: Ball
1-0: Ball
2-0: Ground out 6-3 (Groundball, 6)
Top of the 5th over - 1 run(s), 2 hit(s), 0 error(s), 1 left on base; Salem 4 - Jasper 3
BOTTOM OF THE 5TH
Jasper Cougars batting - Pitching for Salem Sledgehammers : LHP Ken Johnston
Batting: RHB David Hernández 0-0: Called Strike
0-1: Ball
1-1: Swinging Strike
1-2: Foul Ball, location: 2F
1-2: Ball
2-2: Foul Ball, location: 2F
2-2: Foul Ball, location: 2F
2-2: Ground out 6-3 (Groundball, 6)
Batting: SHB Rafael Acosta 0-0: Foul Ball, location: 2F
0-1: Ball
1-1: Foul Ball, location: 2F
1-2: Foul Ball, location: 2F
1-2: SINGLE (Line Drive, 6D)
Batting: RHB Leon Heath 0-0: Swinging Strike
0-1: Swinging Strike
0-2: Ball
1-2: Ball
2-2: Strikes out swinging
Batting: LHB David Adams 0-0: Ball
1-0: Ball
2-0: Ball
3-0: Swinging Strike
3-1: Base on Balls
Rafael Acosta to second
Batting: SHB Carlos Córdova 0-0: Called Strike
0-1: Ball
1-1: Foul Ball, location: 2F
1-2: Ball
2-2: Fly out, F9 (Flyball, 89M)
Bottom of the 5th over - 0 run(s), 1 hit(s), 0 error(s), 2 left on base; Salem 4 - Jasper 3
TOP OF THE 6TH
Salem Sledgehammers batting - Pitching for Jasper Cougars : RHP A.J. Wellman
Batting: LHB Caleb Hall 0-0: Ball
1-0: Called Strike
1-1: Swinging Strike
1-2: Foul Ball, location: 2F
1-2: Ball
2-2: Strikes out looking
Batting: RHB Lakota O'Reilly 0-0: Called Strike
0-1: Ball
1-1: Ball
2-1: Swinging Strike
2-2: Fly out, F9 (Popup, 9LS)
Batting: RHB José García 0-0: Ball
1-0: Swinging Strike
1-1: SINGLE (Line Drive, 78M)
Batting: LHB José Rivera 0-0: Ball
José García is caught stealing 2nd base
Top of the 6th over - 0 run(s), 1 hit(s), 0 error(s), 0 left on base; Salem 4 - Jasper 3
BOTTOM OF THE 6TH
Jasper Cougars batting - Pitching for Salem Sledgehammers : LHP Ken Johnston
Batting: RHB Joe Baker 0-0: SINGLE (Groundball, 23) (infield hit)
Batting: LHB António Camacho 0-0: Called Strike
0-1: Ball
1-1: Ball
2-1: Fielders Choice at 2nd, U4 (Groundball, 4M)
Batting: RHB Bob Cole 0-0: Ball
1-0: Ball
2-0: Ball
3-0: Called Strike
3-1: Foul Ball, location: 2F
3-2: Foul Ball, location: 2F
3-2: Fielders Choice at 2nd, 2-6 (Groundball, 2R)
Batting: SHB Ron Edwards 0-0: Ball
1-0: Foul Ball, location: 2F
1-1: Foul Ball, location: 2F
1-2: Foul Ball, location: 2F
1-2: Foul Ball, location: 2F
1-2: DOUBLE (Flyball, 7LD)
Bob Cole to third
Batting: RHB David Hernández 0-0: Ball
1-0: Ball
2-0: Ball
3-0: Base on Balls
Batting: SHB Rafael Acosta 0-0: SINGLE (Line Drive, 6M)
Bob Cole scores
Ron Edwards to third
David Hernández to second
Runner from 3rd tries for Home, SAFE, no throw or cutoff
Batting: RHB Leon Heath 0-0: Ball
1-0: Foul Ball, location: 2F
1-1: Foul Ball, location: 2F
1-2: Foul Ball, location: 2F
1-2: Strikes out swinging
Bottom of the 6th over - 2 run(s), 3 hit(s), 0 error(s), 2 left on base; Salem 4 - Jasper 5
TOP OF THE 7TH
Salem Sledgehammers batting - Pitching for Jasper Cougars : RHP A.J. Wellman
Pitching: RHP Paul Turberville
Batting: LHB José Rivera 0-0: Ball
1-0: Ball
2-0: Ball
3-0: Base on Balls
Batting: LHB Nathan Frey 0-0: Ball
1-0: Ball
2-0: Ball
3-0: Called Strike
3-1: Reached on error, E3 (Groundball, 3)
José Rivera to second
Batting: SHB Júlio Salazar 0-0: Called Strike
0-1: Ball
1-1: SINGLE (Flyball, 7S)
José Rivera to third
Nathan Frey to second
Batting: RHB Bobby Miller 0-0: Swinging Strike
0-1: Foul Ball, location: 2F
0-2: Ball
1-2: Strikes out swinging
Batting: RHB Glenn Broadwater 0-0: Ball
1-0: Foul Ball, location: 2F
1-1: Swinging Strike
1-2: Ball
2-2: Ball
3-2: Base on Balls
José Rivera scores
Nathan Frey to third
Júlio Salazar to second
Batting: RHB Gilberto Silva 0-0: Called Strike
0-1: Ball
1-1: Ball
2-1: Foul Ball, location: 2F
2-2: Foul Ball, location: 2F
2-2: Ball
3-2: Foul Ball, location: 2F
3-2: Strikes out looking
Batting: LHB Caleb Hall 0-0: Called Strike
0-1: DOUBLE (Line Drive, 89S)
Nathan Frey scores
Júlio Salazar scores
Glenn Broadwater to third
Pitching: LHP Alberto Guerra
Pinch Hitting: RHB Luis Bustamante 0-0: Called Strike
0-1: Fly out, F7 (Flyball, 7M)
Top of the 7th over - 3 run(s), 2 hit(s), 1 error(s), 2 left on base; Salem 7 - Jasper 5
BOTTOM OF THE 7TH
Jasper Cougars batting - Pitching for Salem Sledgehammers : LHP Ken Johnston
Now at 2B: Enrique Uribe
Batting: LHB David Adams 0-0: SINGLE (Flyball, 78S)
Pitching: RHP Blake Koepke
Batting: SHB Carlos Córdova 0-0: Bunted foul
0-1: Sac Bunt - play at second, runner OUT! 5-6
Batting: RHB Joe Baker 0-0: Ball
1-0: Called Strike
1-1: Called Strike
Carlos Córdova steals 2nd base
1-2: Strikes out swinging
Pitching: LHP Pepe Gómez
Batting: LHB António Camacho 0-0: Called Strike
0-1: Ball
1-1: Ball
2-1: Swinging Strike
2-2: Fly out, F7 (Line Drive, 78S)
Bottom of the 7th over - 0 run(s), 1 hit(s), 0 error(s), 1 left on base; Salem 7 - Jasper 5
TOP OF THE 8TH
Salem Sledgehammers batting - Pitching for Jasper Cougars : LHP Alberto Guerra
Batting: RHB José García 0-0: Swinging Strike
0-1: Swinging Strike
0-2: Strikes out swinging
Batting: LHB José Rivera 0-0: Called Strike
0-1: Fly out, F3 (Popup, 13)
Batting: LHB Nathan Frey 0-0: Ball
1-0: Ball
2-0: Ball
3-0: Called Strike
3-1: Base on Balls
Batting: SHB Júlio Salazar 0-0: Foul Ball, location: 2F
0-1: Fielders Choice at 2nd, 6-4 (Groundball, 6)
Top of the 8th over - 0 run(s), 0 hit(s), 0 error(s), 0 left on base; Salem 7 - Jasper 5
BOTTOM OF THE 8TH
Jasper Cougars batting - Pitching for Salem Sledgehammers : LHP Pepe Gómez
Pitching: LHP Alberto Pagán
Now at 1B: Patrick Daniels
Batting: RHB Bob Cole 0-0: Ball
1-0: Ball
2-0: Called Strike
2-1: SINGLE (Flyball, 78S)
Batting: SHB Ron Edwards 0-0: Ball
1-0: Ball
2-0: Foul Ball, location: 2F
2-1: Foul Ball, location: 2F
2-2: Fly out, F7 (Flyball, 7D)
Pitching: RHP Jesús Saragoza
Batting: RHB David Hernández 0-0: Ball
1-0: Called Strike
1-1: Ball
2-1: Ball
3-1: Foul Ball, location: 2F
3-2: Fly out, F8 (Flyball, 8LD)
Batting: SHB Rafael Acosta 0-0: SINGLE (Flyball, 6MD)
Bob Cole to second
Pinch Hitting: LHB Kyle Harrison 0-0: Foul Ball, location: 2F
0-1: Called Strike
0-2: Ball
1-2: Strikes out swinging
Bottom of the 8th over - 0 run(s), 2 hit(s), 0 error(s), 2 left on base; Salem 7 - Jasper 5
TOP OF THE 9TH
Salem Sledgehammers batting - Pitching for Jasper Cougars : LHP Alberto Guerra
Now in RF: Kyle Harrison
Batting: RHB Bobby Miller 0-0: Fly out, F6 (Popup, 6D)
Batting: RHB Glenn Broadwater 0-0: Called Strike
0-1: Ball
1-1: Foul Ball, location: 2F
1-2: DOUBLE (Line Drive, 7D)
Batting: RHB Gilberto Silva 0-0: Intentional Walk
Batting: LHB Caleb Hall 0-0: Called Strike
0-1: Swinging Strike
0-2: Strikes out looking
Pitching: LHP Alfredo Maestas
Batting: SHB Enrique Uribe 0-0: Ball
1-0: DOUBLE (Flyball, 8RXD)
Glenn Broadwater scores
Gilberto Silva to third
Runner from 3rd tries for Home, SAFE, no throw or cutoff
Batting: RHB José García 0-0: Ball
1-0: Ball
2-0: Ball
3-0: Called Strike
3-1: Called Strike
3-2: Fly out, F7 (Flyball, 7M)
Top of the 9th over - 2 run(s), 2 hit(s), 0 error(s), 1 left on base; Salem 9 - Jasper 5
BOTTOM OF THE 9TH
Jasper Cougars batting - Pitching for Salem Sledgehammers : RHP Jesús Saragoza
Pitching: RHP Norberto Deleón
Batting: LHB David Adams 0-0: Called Strike
0-1: Ball
1-1: Ball
2-1: Ball
3-1: Swinging Strike
3-2: Strikes out swinging
Batting: SHB Carlos Córdova 0-0: Ball
1-0: Called Strike
1-1: Called Strike
1-2: Strikes out swinging
Batting: RHB Joe Baker 0-0: Called Strike
0-1: Ball
1-1: Called Strike
1-2: Strikes out looking
Bottom of the 9th over - 0 run(s), 0 hit(s), 0 error(s), 0 left on base; Salem 9 - Jasper 5
Monday, December 5th, 2016 - OOTP Baseball 17.12 Build 75